 Dungeon Crawl Stone Soup version 0.14-a0-30-gf0b6e91 (webtiles) character file.

4323 PolkaDot the Cloud Mage (level 10, -4/61 HPs)
             Began as a Vampire Wizard on Sept 26, 2013.
             Was a Priest of Vehumet.
             Shot with an arrow by a centaur warrior (39 damage)
             ... on Level 8 of the Dungeon.
             The game lasted 00:52:28 (8646 turns).

PolkaDot the Cloud Mage (Vampire Wizard)            Turns: 8646, Time: 00:52:28

HP  -4/61        AC  7     Str  7      XL: 10   Next:  1%
MP  18/23        EV 12     Int 22      God: Vehumet [***...]
Gold 400         SH  0     Dex 11 (12) Spells:  6 memorised,  2 levels left

Res.Fire  : + + .   See Invis. : +   C - staff of fire
Res.Cold  : . . .   Warding    : .   d - +0 elf robe
Life Prot.: . . .   Conserve   : .   (no shield)
Res.Poison: .       Res.Corr.  : .   b - +0 wizard hat
Res.Elec. : .       Clarity    : .   u - +0 cloak
Sust.Abil.: . .     Spirit.Shd : .   p - +0 pair of gloves
Res.Mut.  : .       Stasis     : .   (no boots)
Res.Rott. : .       Flight     : .   (no amulet)
Saprovore : . . .                    g - +3 ring of protection
                                     k - ring of protection from fire

@: liquid flames, regenerating quickly, glowing, somewhat resistant to hostile
enchantments, unstealthy
A: bottle blood, fangs 3, see invisible, unbreathing
a: Bottle Blood, Renounce Religion


You were on level 8 of the Dungeon.
You worshipped Vehumet.
Vehumet was most pleased with you.
You were very full.

You visited 2 branches of the dungeon, and saw 9 of its levels.

You collected 380 gold pieces.

Inventory:

Hand weapons
 j - a +1,+3 elven spear
 m - the +3,+7 flail of the Thirteen Deaths {freeze, rElec rC+ Stlth+}
   (You took it off a crimson imp on level 6 of the Dungeon)

   It has been specially enchanted to freeze those struck by it, causing extra
   injury to most foes and up to double damage against particularly susceptible
   opponents.
   It can also slow down cold-blooded creatures.
   It protects you from cold.
   It insulates you from electricity.
   It makes you much more stealthy.
 z - the -2,-1 falchion of the Thirteen Seas {vamp, rN+ MR++}
   (You found it on level 7 of the Dungeon)

   It inflicts no extra harm, but heals its wielder somewhat when it strikes a
   living foe.
   It protects you from negative energy.
   It affects your resistance to hostile enchantments.
Armour
 b - a +0 wizard hat (worn)
 d - a +0 elven robe (worn)
 p - a +0 pair of gloves (worn)
 u - a +0 cloak (worn)
Magical devices
 l - a wand of teleportation (3)
 o - a wand of hasting (5) {unknown}
 q - a wand of disintegration (12)
 r - a wand of hasting (4) {unknown}
 s - a wand of draining (3)
 v - a wand of polymorph (14) {unknown}
 B - a wand of fire (4) {unknown}
Scrolls
 h - a scroll of amnesia
 i - a scroll of identify
 y - a scroll of vulnerability {unknown}
Jewellery
 g - a +3 ring of protection (right hand)
 k - a ring of protection from fire (left hand)
Potions
 f - 2 potions of curing
 n - a potion of resistance
 x - a potion of magic
 A - a potion of berserk rage {unknown}
Books
 c - a book of Minor Magic

   Spells                             Type                      Level
   *Magic Dart                        Conjuration                  1
   Blink                              Translocation                2
   Call Imp                           Summoning                    2
   *Repel Missiles                    Charms/Air                   2
   Slow                               Hexes                        2
   *Conjure Flame                     Conjuration/Fire             3
   *Mephitic Cloud                    Conjuration/Poison/Air       3
 w - Kifuif's Compendium of Conjuration and Flight
   (You acquired it on level 6 of the Dungeon)

   Spells                             Type                      Level
   Shock                              Conjuration/Air              1
   *Searing Ray                       Conjuration                  2
   Iskenderun's Mystic Blast          Conjuration                  4
   Sticky Flame                       Conjuration/Fire             4
   *Poisonous Cloud                   Conjuration/Poison/Air       6
Magical staves
 C - an uncursed staff of fire (weapon)


   Skills:
 - Level 2.1 Dodging
 - Level 3.0 Stealth
 * Level 5.0 Spellcasting
 - Level 5.8 Conjurations
   Level 1.0 Summonings
   Level 0.7 Translocations
 - Level 5.4 Fire Magic
 + Level 8.4 Air Magic
 + Level 3.1 Poison Magic


You had 2 spell levels left.
You knew the following spells:

 Your Spells              Type           Power        Failure   Level  Hunger
a - Magic Dart            Conj           ####         1%          1    None
c - Poisonous Cloud       Conj/Pois/Air  ####......   58%         6    #######
q - Repel Missiles        Chrm/Air       ###.......   3%          2    None
s - Searing Ray           Conj           ####..       1%          2    None
x - Mephitic Cloud        Conj/Pois/Air  ####....     1%          3    ##.....
z - Conjure Flame         Conj/Fire      #####...     1%          3    ##.....


Dungeon Overview and Level Annotations

Branches:
Dungeon (8/27)             Temple (1/1) D:4
    Orc: D:6-11        Lair: D:8-13

Altars:
Elyvilon
Fedhas
Kikubaaqudgha
Makhleb
Nemelex Xobeh
Okawaru
Trog
Vehumet
Xom
Yredelemnul
Zin
the Shining One


Innate Abilities, Weirdness & Mutations

Your natural rate of healing is unusually fast.
You can bottle blood from corpses.
You have razor-sharp teeth.*
You have supernaturally acute eyesight.
You can survive without breathing.*


Message History

Okay, then.
Read which item? (? for menu, Esc to quit)
Okay, then.
Unknown command.
Casting: Mephitic Cloud
Confirm with . or Enter, or press ? or * to list all spells.
Aiming: Searing Ray
Press: ? - help, Shift-Dir - straight line, f - mottled dragon, p - crimson imp
Aim: a mottled dragon (noxious fumes, catching its breath)
The searing ray hits the mottled dragon.
The mottled dragon is lightly wounded.
You are covered in liquid flames!
One of your 2 scrolls of identify catches fire!
Your scroll labeled BEUWNUHAIG {tried} catches fire!
The mottled dragon bites you! The mottled dragon claws you.
The crimson imp hits you but does no damage.
The centaur warrior wields a longbow.
The centaur warrior shoots an arrow.
The arrow hits you!
Ouch! That really hurt!
You die...

.......#.....(..# ....
......###......###...
.###......## .....F.
..#........# c...c
..#..#..#..# #.).#
######..#######._.####
#..#..#.[#..#...#..#
..#........#....§D...#
.###......###...@5..##
......###).....###§o....#
......
#........#.....[..#
....#.
#..#..#..#..#..#..#
....## ####..#######..#
## .. #$.#..#..# ..#
#........# .. ##.....)##
.. ....###....


You could see 2 centaur warriors, a mottled dragon, a giant frog, an orc wizard
and a crimson imp.

Vanquished Creatures
  A hill giant (D:8)
  The ghost of Edwina the Magician, an average DjVM (D:4)
  A wraith (D:8)
  A hippogriff (D:8)
  A hungry ghost (D:7)
  A hill giant skeleton (D:8)
  Edmund (D:5)
  A necrophage (D:6)
  2 sky beasts
  4 orc warriors
  3 centaurs
  2 ogres
  A crocodile (D:8)
  4 giant frogs
  An eye of draining (D:8)
  A cyclops skeleton (D:6)
  5 wights
  4 crimson imps
  3 jellies (D:7)
  A giant frog zombie (D:7)
  A quasit (D:8)
  A centaur skeleton (D:5)
  3 scorpions
  4 worker ants
  An iguana (D:6)
  3 orc priests
  2 orc wizards
  3 hounds
  Ijyb (D:5)
  An ogre skeleton (D:6)
  9 adders
  2 inept feature mimics
  2 worms
  A giant eyeball (D:5)
  3 giant geckos
  26 orcs
  A ball python (D:2)
  6 giant cockroaches
  15 hobgoblins
  12 jackals
  6 quokkas
  8 bats
  A giant cockroach zombie (D:6)
  7 giant newts
  6 goblins
  A hobgoblin zombie (D:5)
  7 kobolds
  2 kobold zombies (D:5)
  An orc skeleton (D:6)
  An orc zombie (D:6)
  14 rats
  2 rat skeletons
192 creatures vanquished.

Notes
Turn   | Place    | Note
--------------------------------------------------------------
     0 | D:1      | PolkaDot, the Vampire Wizard, began the quest for the Orb.
     0 | D:1      | Reached XP level 1. HP: 11/11 MP: 6/6
   108 | D:1      | Reached skill level 1 in Conjurations
   371 | D:1      | Reached XP level 2. HP: 17/17 MP: 2/8
   721 | D:1      | Upgraded the game from 0.14-a0-19-g3ffea20 to 0.14-a0-30-gf0b6e91
  1210 | D:2      | Reached XP level 3. HP: 22/22 MP: 8/10
  1417 | D:2      | Found a basalt altar of Yredelemnul.
  2206 | D:3      | Reached XP level 4. HP: 28/28 MP: 3/12
  2728 | D:4      | Noticed an ogre
  2734 | D:4      | Learned a level 3 spell: Conjure Flame
  2738 | D:4      | Learned a level 3 spell: Mephitic Cloud
  2761 | D:4      | Killed an ogre
  2761 | D:4      | Reached XP level 5. HP: 33/33 MP: 5/13
  2905 | D:4      | Reached skill level 4 in Conjurations
  3063 | D:4      | Found a staircase to the Ecumenical Temple.
  3073 | Temple   | Entered the Ecumenical Temple
  3160 | Temple   | Became a worshipper of Vehumet
  3337 | D:4      | Noticed Edwina's ghost (average DjVM)
  3350 | D:4      | Killed Edwina's ghost
  3350 | D:4      | Reached skill level 5 in Conjurations
  3350 | D:4      | Reached XP level 6. HP: 26/39 MP: 12/15
  3353 | D:4      | Noticed a slave
  3667 | D:5      | Entered Level 5 of the Dungeon
  3757 | D:5      | Found a burning altar of Makhleb.
  3883 | D:5      | Reached skill level 1 in Fire Magic
  3883 | D:5      | Reached skill level 1 in Air Magic
  3883 | D:5      | Reached XP level 7. HP: 44/44 MP: 1/17
  4257 | D:5      | Acquired Vehumet's first power
  4257 | D:5      | Offered knowledge of Sandblast by Vehumet.
  4265 | D:5      | Noticed Ijyb
  4284 | D:5      | Killed Ijyb
  5115 | D:5      | Noticed Edmund
  5120 | D:5      | Killed Edmund
  5120 | D:5      | Reached XP level 8. HP: 34/50 MP: 15/19
  5938 | D:6      | Found a blossoming altar of Fedhas.
  5980 | D:6      | Offered knowledge of Shock by Vehumet.
  6152 | D:6      | Reached skill level 5 in Air Magic
  6170 | D:6      | Got a dazzling flail
  6184 | D:6      | Identified the +3,+7 flail of the Thirteen Deaths {freeze, rElec rC+ Stlth+} (You took it off a crimson imp on level 6 of the Dungeon)
  6695 | D:6      | Reached XP level 9. HP: 41/55 MP: 11/21
  6754 | D:6      | Reached skill level 6 in Air Magic
  7012 | D:6      | Identified a scroll of acquirement
  7013 | D:6      | Identified Kifuif's Compendium of Conjuration and Flight (You acquired it on level 6 of the Dungeon)
  7017 | D:6      | Learned a level 2 spell: Searing Ray
  7103 | D:6      | Found a staircase to the Orcish Mines.
  7104 | D:6      | the staircase to the Orcish Mines was a mimic.
  7199 | D:7      | Reached skill level 5 in Spellcasting
  7315 | D:7      | Reached skill level 5 in Fire Magic
  7509 | D:7      | Offered knowledge of Dazzling Spray by Vehumet.
  7522 | D:7      | Learned a level 2 spell: Repel Missiles
  7746 | D:7      | Reached skill level 1 in Poison Magic
  8091 | D:7      | Acquired Vehumet's second power
  8109 | D:7      | Reached skill level 7 in Air Magic
  8284 | D:7      | Got a bloodstained falchion
  8285 | D:7      | Identified the cursed -2,-1 falchion of the Thirteen Seas {vamp, rN+ MR++} (You found it on level 7 of the Dungeon)
  8285 | D:7      | Identified the cursed -2,-1 falchion of the Thirteen Seas {vamp, rN+ MR++} (You found it on level 7 of the Dungeon)
  8429 | D:8      | Noticed a hill giant
  8491 | D:8      | Killed a hill giant
  8491 | D:8      | Reached skill level 8 in Air Magic
  8499 | D:8      | Learned a level 6 spell: Poisonous Cloud
  8510 | D:8      | Reached XP level 10. HP: 11/61 MP: 3/23
  8616 | D:8      | Found a bloodstained altar of Trog.
  8625 | D:8      | Offered knowledge of Olgreb's Toxic Radiance by Vehumet.
  8646 | D:8      | Shot with an arrow by a centaur warrior

Action                   |  1- 3 |  4- 6 |  7- 9 | 10-12 || total
-------------------------+-------+-------+-------+-------++-------
Melee: Unarmed           |    13 |       |       |       ||    13
       Spear             |    18 |    96 |   183 |       ||   297
       Falchion          |       |       |    13 |       ||    13
       Long sword        |       |       |     4 |       ||     4
       Flail             |       |       |     2 |       ||     2
 Cast: Magic Dart        |   116 |    71 |   265 |     5 ||   457
       Conjure Flame     |       |    10 |    40 |       ||    50
       Mephitic Cloud    |       |       |     8 |     1 ||     9
       Searing Ray       |       |       |    29 |     1 ||    30
       Repel Missiles    |       |       |     1 |       ||     1
 Abil: Bottle Blood      |       |       |     1 |       ||     1
Evoke: Wand              |     2 |     1 |       |       ||     3
  Use: Potion            |     1 |     3 |     3 |       ||     7
       Scroll            |       |    10 |     7 |     1 ||    18
 Stab: Sleeping          |     2 |     3 |     4 |       ||     9
       Confused          |       |       |     4 |       ||     4
